 Dungeon Sprint DCSS version 0.31-a0-152-g6aa68a64a1 (webtiles) character file.

Game seed: 11612342732137659429

109 zazu2006 the Covert (level 4, -4/39 HPs)
             Began as a Gnoll Wanderer on June 10, 2023.
             Slain by Sigmund the fire bat (6 damage)
             ... in the Dungeon (Sprint I: "Red Sonja").
             The game lasted 00:00:52 (72 turns).

zazu2006 the Covert (Gnoll Wanderer)                  Turns: 72, Time: 00:00:53

Health: -4/39      AC:  2    Str: 12    XL:     4   Next: 90%
Magic:  10/10      EV: 12    Int: 11    God:
Gold:   0          SH:  5    Dex: 13    Spells: 11/11 levels left

rFire   . . .        a - +2 dagger
rCold   . . .        c - +0 buckler
rNeg    . . .        e - +0 robe
rPois   .            (no helmet)
rElec   .            (no cloak)
rCorr   .            (no gloves)
SInv    .            (no boots)
Will    .....        (no amulet)
Stlth   ++++         (no ring)
HPRegen 0.26/turn    (no ring)
MPRegen 0.12/turn

%: no teleportation
@: no status effects
A: fangs 1, strong nose, distributed training
a: no special abilities


You were in the Dungeon.
You visited 1 branch

Inventory:

Hand Weapons
 a - a +2 dagger (weapon)
Armour
 c - a +0 buckler (worn)
 e - a +0 robe (worn)
Wands
 k - a wand of polymorph (10)
Scrolls
 d - a scroll of fog
 j - a scroll of blinking
Potions
 b - 2 potions of haste
 f - a potion of curing
 g - a potion of heal wounds
 h - 2 potions of magic


   Skills:
 + Level 5.6 Fighting
 + Level 3.1 Short Blades
 + Level 3.1 Long Blades
 + Level 3.1 Axes
 + Level 3.1 Maces & Flails
 + Level 3.1 Polearms
 + Level 3.1 Staves
 + Level 3.1 Ranged Weapons
 + Level 3.1 Throwing
 + Level 3.1 Armour
 + Level 3.1 Dodging
 + Level 8.4 Stealth
 + Level 5.6 Shields
 + Level 3.1 Unarmed Combat
 + Level 4.3 Spellcasting
 + Level 2.5 Conjurations
 + Level 2.5 Hexes
 + Level 2.5 Summonings
 + Level 3.4 Necromancy
 + Level 2.5 Translocations
 + Level 2.5 Transmutations
 + Level 2.5 Fire Magic
 + Level 2.5 Ice Magic
 + Level 2.5 Air Magic
 + Level 2.5 Earth Magic
 + Level 2.5 Poison Magic
 + Level 3.5 Invocations
 + Level 3.1 Evocations


You had 11 spell levels left.
You didn't know any spells.
Your spell library contained the following spells:

 Spells                   Type           Power      Damage    Failure   Level
 Sublimation of Blood     Necr           9%         N/A       12%         2
 Cigotuvi's Dreadful Rot  Necr/Pois/Air  16%        N/A       14%         2


Dungeon Overview and Level Annotations

Branches:
Dungeon (1/1)

Altars:

Annotations:
D Sigmund


Innate Abilities, Weirdness & Mutations

You have very sharp teeth.
Your uncanny sense of smell can sniff out nearby items.
Your experience applies equally to all skills.


Message History

You hit Sigmund but do no damage. Sigmund hits you with a +0 scythe.
You hit Sigmund.
Sigmund is lightly wounded.
You hit Sigmund.
Sigmund is lightly wounded.
You block Sigmund's attack.
You barely miss Sigmund. Your bite misses Sigmund.
Sigmund is lightly wounded.
You barely miss Sigmund.
Sigmund is lightly wounded.
Sigmund barely misses you.
You hit Sigmund but do no damage.
Sigmund is lightly wounded.
Sigmund points at you and mumbles some strange words.
The magic dart hits you!
You closely miss Sigmund.
Sigmund is lightly wounded.
You hit Sigmund.
Sigmund is lightly wounded.
You block Sigmund's attack.
You hit Sigmund but do no damage. Your bite misses Sigmund.
Sigmund is lightly wounded.
Sigmund hits you with a +0 scythe!
Aiming: Polymorph
Press: ? - help, Shift-Dir - straight line, f - Sigmund
Aim: Sigmund, wielding a +0 scythe and wearing a +2 robe of willpower (lightly wounded, will become a killer bee, a fire bat, or a howler monkey, chance to affect: 31%) Sigmund easily resists.
Unknown command.
Aiming: Polymorph
Press: ? - help, Shift-Dir - straight line, f/p - Sigmund
Aim: Sigmund, wielding a +0 scythe and wearing a +2 robe of willpower (lightly wounded, will become a killer bee, a fire bat, or a howler monkey, chance to affect: 31%) Sigmund evaporates and reforms as a fire bat!
Sigmund barely misses you. Sigmund bites you.
You are engulfed in flames!
You barely miss Sigmund. Sigmund closely misses you.
You miss Sigmund. Sigmund bites you.
You are engulfed in flames!
* * * LOW HITPOINT WARNING * * *
Sigmund bites you.
* * * LOW HITPOINT WARNING * * *
You are engulfed in flames.
You die...

#############
#<.#.)).@#..+∆∆
#..'..#..b).#∆∆
#..#####+####
#..# ∆∆ ∆∆∆ ∆
#..# ∆∆ ∆ #..#
#⌠⌠# #### ∆∆ ∆
∆


You could see Sigmund the fire bat.

Vanquished Creatures
  An ogre (D)
  Ijyb (D)
2 creatures vanquished.

Notes
Turn   | Place    | Note
-------+----------+-------------------------------------------
     0 | D        | zazu2006 the Gnoll Wanderer began the quest for the Orb.
     0 | D        | zazu2006 set off with the following items: a +2 dagger, 2
                  | potions of haste, a +0 buckler, a scroll of fog, a +0 robe,
                  | a potion of curing, a potion of heal wounds, 2 potions of
                  | magic, a potion of berserk rage, a scroll of blinking; and
                  | the following spells available to memorise: Sublimation of
                  | Blood, Cigotuvi's Dreadful Rot.
     0 | D        | Reached XP level 1. HP: 20/20 MP: 4/4
     2 | D        | Noticed Ijyb
     4 | D        | Killed Ijyb
     5 | D        | Reached skill level 1 in Short Blades
     5 | D        | Reached skill level 1 in Long Blades
     5 | D        | Reached skill level 1 in Axes
     5 | D        | Reached skill level 1 in Maces & Flails
     5 | D        | Reached skill level 1 in Polearms
     5 | D        | Reached skill level 1 in Staves
     5 | D        | Reached skill level 1 in Ranged Weapons
     5 | D        | Reached skill level 1 in Throwing
     5 | D        | Reached skill level 1 in Armour
     5 | D        | Reached skill level 1 in Dodging
     5 | D        | Reached skill level 8 in Stealth
     5 | D        | Reached skill level 1 in Unarmed Combat
     5 | D        | Reached skill level 1 in Conjurations
     5 | D        | Reached skill level 1 in Hexes
     5 | D        | Reached skill level 1 in Summonings
     5 | D        | Reached skill level 1 in Translocations
     5 | D        | Reached skill level 1 in Transmutations
     5 | D        | Reached skill level 1 in Fire Magic
     5 | D        | Reached skill level 1 in Ice Magic
     5 | D        | Reached skill level 1 in Air Magic
     5 | D        | Reached skill level 1 in Earth Magic
     5 | D        | Reached skill level 1 in Poison Magic
     5 | D        | Reached skill level 1 in Evocations
     5 | D        | Reached XP level 2. HP: 26/26 MP: 6/6
     5 | D        | Reached XP level 3. HP: 32/32 MP: 7/7
    10 | D        | Noticed an ogre
    15 | D        | Killed an ogre
    16 | D        | Reached skill level 5 in Fighting
    16 | D        | Reached skill level 5 in Shields
    16 | D        | Reached XP level 4. HP: 39/39 MP: 8/10
    57 | D        | Noticed Sigmund
    69 | D        | Sigmund changed into Sigmund the fire bat
    69 | D        | Noticed Sigmund
    72 | D        | Slain by Sigmund the fire bat

Illustrated notes

Levels and vault maps discovered:
D:        dungeon_sprint_1 [red_sonja_temple_1, red_sonja_temple_small_1]

Skill      XL: |  1  2  3 |
---------------+----------+-----
Short Blades   | 1 3 |  3.1
Long Blades    | 1 3 |  3.1
Axes           | 1 3 |  3.1
Maces & Flails | 1 3 |  3.1
Polearms       | 1 3 |  3.1
Staves         | 1 3 |  3.1
Ranged Weapons | 1 3 |  3.1
Throwing       | 1 3 |  3.1
Armour         | 1 3 |  3.1
Dodging        | 1 3 |  3.1
Stealth        | 8 |  8.4
Unarmed Combat | 1 3 |  3.1
Spellcasting   | 3 4 |  4.3
Conjurations   | 1 2 |  2.5
Hexes          | 1 2 |  2.5
Summonings     | 1 2 |  2.5
Necromancy     | 2 3 |  3.4
Translocations | 1 2 |  2.5
Transmutations | 1 2 |  2.5
Fire Magic     | 1 2 |  2.5
Ice Magic      | 1 2 |  2.5
Air Magic      | 1 2 |  2.5
Earth Magic    | 1 2 |  2.5
Poison Magic   | 1 2 |  2.5
Invocations    | 2 3 |  3.5
Evocations     | 1 3 |  3.1
Fighting       | 5 |  5.6
Shields        | 5 |  5.6

Action                     |  1- 3 |  4- 6 || total
---------------------------+-------+-------++-------
  Melee: Dagger            |     5 |    11 ||    16
  Evoke: Wand              |       |     2 ||     2
    Use: Potion            |     1 |       ||     1
   Stab: Sleeping          |     1 |       ||     1
  Dodge: Dodged            |     1 |     4 ||     5
  Block: Buckler           |       |     2 ||     2

Table legend: (Time is in decaauts)
 A = Elapsed time spent in this place.
 B = Non-inter-level travel time spent in this place.
 C = Inter-level travel time spent in this place.
 D = Time resting spent in this place.
 E = Time spent auto-exploring this place.
 F = Levels seen in this place.
 G = Mean time per level.
                   A        B        C        D        E       F      G
               +--------+--------+--------+--------+--------+-----+--------+
         Total |     80 |     80 |      0 |     45 |      0 |   1 |   80.0 |
       Dungeon |     80 |     80 |      0 |     45 |      0 |   1 |   80.0 |
               +--------+--------+--------+--------+--------+-----+--------+

Top non-repeatable levels by time:
       D: 80 daAuts
